 Dungeon Crawl Stone Soup version 0.29.1-15-g9cfb28693d (webtiles) character file.

Game seed: 7606588320728510411

14 Peloso the Trooper (level 2, 27/27 HPs)
             Began as a Minotaur Fighter on Apr 26, 2023.
             Got out of the dungeon alive.
             The game lasted 00:01:06 (830 turns).

Peloso the Trooper (Minotaur Fighter)                Turns: 830, Time: 00:01:06

Health: 27/27      AC:  7    Str: 18    XL:     2   Next: 27%
Magic:  1/1        EV:  9    Int:  5    God:
Gold:   57         SH:  4    Dex:  7    Spells: 1/1 levels left

rFire   . . .      SeeInvis .   a - +0 long sword
rCold   . . .      Faith    .   c - +0 buckler
rNeg    . . .      Spirit   .   b - +0 scale mail
rPois   .          Reflect  .   (helmet restricted)
rElec   .          Harm     .   (no cloak)
rCorr   .          Rampage  .   (no gloves)
Will    .....                   (no boots)
Stlth   ..........              (no amulet)
HPRegen 0.09/turn               (no ring)
MPRegen 0.07/turn               (no ring)

@: no status effects
A: horns 2, retaliatory headbutt, clumsy 1, weak 1
a: no special abilities


You escaped.
You visited 1 branch of the dungeon, and saw 1 of its levels.

You collected 57 gold pieces.

Inventory:

Hand Weapons
 a - a +0 long sword (weapon)
Armour
 b - a +0 scale mail (worn)
 c - a +0 buckler (worn)
Jewellery
 g - an amulet of reflection
Scrolls
 e - 2 scrolls of fear
 h - a scroll of brand weapon {unknown}
 i - a scroll of noise {unknown}
 m - 3 scrolls of torment {unknown}
 n - a scroll of amnesia {unknown}
Potions
 d - a potion of might
 j - a potion of heal wounds
 o - a potion of brilliance {unknown}


   Skills:
 + Level 4.0 Fighting
 + Level 2.5 Long Blades
 + Level 3.9 Armour
 + Level 3.8 Shields


You had one spell level left.
You didn't know any spells.
Your spell library was empty.

Dungeon Overview and Level Annotations

Branches:
Dungeon (1/15)

Altars:


Innate Abilities, Weirdness & Mutations

You have a pair of horns on your head.
You reflexively headbutt those who attack you in melee.
You are clumsy. (Dex -2)
You are weak. (Str -2)


Message History

o - an orange potion You open the door.
Found a faded altar of an unknown god.
There is an open door here.
There is an open door here.
You see here 4 stones.
Found a stone staircase leading down.
You see here a +0 sling.
A goblin comes into view. It is wielding a +0 club.
The goblin shouts!
You block the goblin's attack.
You hit the goblin. You headbutt the goblin.
You kill the goblin!
You see here a +0 club.
Done exploring.
Done exploring.
Done exploring.
Done exploring.
As you read the scroll labelled XOEMUD LAYZ CUSS, it crumbles to dust.
You assume a fearsome visage.
Nothing appears to happen.
It was a scroll of fear.
As you read the scroll labelled XIPTIB MAIJALA, it crumbles to dust.
It is a scroll of identify.
j - a potion of heal wounds It was a potion of ambrosia.
You are confused.
You feel invigorated.
You start waiting.
You feel less invigorated.
You feel less confused.
You start waiting.
Done waiting.
It was a potion of mutation.
You feel extremely strange.
You feel weaker.
You feel clumsy.
(D) Dungeon
Where to? (? - help)
What level of the Dungeon? (default 1, ? - help)
There is a staircase leading out of the dungeon here.
Are you sure you want to leave the Dungeon?
This will make you lose the game!
You have escaped!

#.# #.#####
##.###.###.#
#.########.#...####
##...........
#..........#.#.#..#
#..##.###.###
#..........###.##.#
##.#.........
..########).......#
##...##.###.#
#.########.....##+#
##.#.#.......
..................#
#..#...##.##.
##########.###.##.#
##.#.#.#...#. ##
#.#.#.#@.#
#...#...#... .#
#.#...####
##.#.#.#...#. .#
#.#####
#..#...##.##. .#
#.# ##.#.#.......
.# #.#
##...##.###.# >#
##.# ##.#.........
.### #..#
#..##.###.### ...#
##.## ##...........
##.#####.#.####
###.###.###.#


There were no monsters in sight!

Vanquished Creatures
  2 ball pythons (D:1)
  A bat (D:1)
  A giant cockroach (D:1)
  2 goblins (D:1)
  2 kobolds (D:1)
  4 rats (D:1)
12 creatures vanquished.

Notes
Turn   | Place    | Note
-------+----------+-------------------------------------------
     0 | D:1      | Peloso the Minotaur Fighter began the quest for the Orb.
     0 | D:1      | Reached XP level 1. HP: 19/19 MP: 0/0
   256 | D:1      | Reached XP level 2. HP: 27/27 MP: 1/1
   326 | D:1      | Reached skill level 4 in Fighting
   412 | D:1      | Found a faded altar of an unknown god.
   781 | D:1      | Gained mutation: You are weak. (Str -2) [potion of
                  | mutation]
   781 | D:1      | Gained mutation: You are clumsy. (Dex -2) [potion of
                  | mutation]
   830 | D:$      | Got out of the dungeon alive.

Illustrated notes

Levels and vault maps discovered:
D:1:      onia_arrival_mini_spirals, layout_loops_ring,
          dreamdust_ecumenical_altar_angels_and_demons,
          nicolae_concentric_dashed_squares_wild

Skill      XL: |  1  2 |
---------------+-------+-----
Fighting       | 4 |  4.0
Long Blades    | |  2.5
Armour         | |  3.9
Shields        | |  3.8

Action                   || total
-------------------------++-------
Melee: Long sword        ||    21
       Headbutt          ||     6
  Use: Scroll            ||     2
       Potion            ||     2
Armor: Scale mail        ||    12
Dodge: Dodged            ||     8
Block: Buckler           ||     6
